 Dungeon Crawl Stone Soup version 0.30-a0-719-gcc4359ea44 (webtiles) character file.

Game seed: 13804246755344205166

342 browni3141 the Poker (level 6, -3/47 HPs)
             Began as a Mummy Cinder Acolyte on Jan 26, 2023.
             Was a High Priest of Ignis.
             Killed from afar by an acid dragon (10 damage)
             ... with a splash of acid
             ... on level 5 of the Dungeon.
             The game lasted 00:09:33 (4316 turns).

browni3141 the Poker (Mummy Cinder Acolyte)         Turns: 4316, Time: 00:09:34

Health: -3/47      AC:  7    Str: 18    XL:     6   Next: 30%
Magic:  0/9        EV: 10    Int: 15    God:    Ignis [*****.]
Gold:   301        SH:  0    Dex:  7    Spells: 7/9 levels left

rFire   . . .      SeeInvis .    a - -1 spear (flame)
rCold   + . .      Faith    +    (no shield)
rNeg    + + +      Spirit   .    h - +0 ring mail
rPois   ∞          Reflect  .    (no helmet)
rElec   .          Harm     .    l - +0 cloak
rCorr   +          Rampage  .    g - +0 pair of gloves
Will    .....                    (no boots)
Stlth   +                        (no amulet)
HPRegen 0.27/turn                e - +4 ring of protection
MPRegen 0.11/turn                t - ring of resist corrosion

@: corroded, very slightly contaminated
A: cold resistance 1, negative energy resistance 3, torment resistance 2, heat
vulnerability 1, in touch with death 1, no potions, faith
a: Renounce Religion, Fiery Armour, Foxfire Swarm, Rising Flame


You were on level 5 of the Dungeon.
You worshipped Ignis.
Ignis was extremely pleased with you.
You visited 1 branch of the dungeon, and saw 5 of its levels.

You collected 301 gold pieces.

Inventory:

Hand Weapons
 a - a -1 spear of flaming (weapon)
 b - a +0 sling
 o - a +0 trident
Missiles
 p - 4 boomerangs
Armour
 g - a +0 pair of gloves (worn)
 h - a +0 ring mail (worn)
 l - a +0 cloak (worn)
 m - a +0 robe
Jewellery
 e - a +4 ring of protection (left hand)
 t - a ring of resist corrosion (right hand)
Scrolls
 c - 2 scrolls of enchant weapon {unknown}
 d - a scroll of teleportation
 f - 2 scrolls of magic mapping {unknown}
 i - a scroll of poison {unknown}
 j - 3 scrolls of fear {unknown}
 k - 2 scrolls of brand weapon {unknown}
 n - 3 scrolls of identify {unknown}
 q - a scroll of blinking {unknown}
 r - a scroll of torment {unknown}
 s - 3 scrolls of enchant armour {unknown}


   Skills:
 - Level 3.0 Fighting
 * Level 5.4 Polearms
 - Level 1.0 Stealth
 - Level 2.0 Spellcasting
 - Level 3.0 Fire Magic


You had 7 spell levels left.
You knew the following spells:

 Your Spells              Type           Power      Damage    Failure   Level
a - Scorch                Fire           20%        2d6       17%         2

Your spell library contained the following spells:

 Spells                   Type           Power      Damage    Failure   Level
 Apportation              Tloc           2%         N/A       36%         1
 Summon Small Mammal      Summ           4%         N/A       36%         1
 Call Canine Familiar     Summ           1%         N/A       75%         3
 Summon Guardian Golem    Hex/Summ       1%         N/A       75%         3
 Alistair's Intoxication  Tmut/Pois      0%         N/A       100%        5


Dungeon Overview and Level Annotations

Branches:
Dungeon (5/15)             Temple (0/1) D:4

Altars:
Cheibriados
Qazlal
Uskayaw
Vehumet
Wu Jian

Shops:
D:4 :


Innate Abilities, Weirdness & Mutations

You are immune to poison.
Your flesh is cold resistant. (rC+)
You are immune to negative energy. (rN+++)
You are immune to unholy pain and torment.
You are vulnerable to heat. (rF-)
You are in touch with the powers of death.
You do not drink.
You have a special connection with the divine. (Faith)


Message History

The acid dragon is severely wounded.
You hit the acid dragon but do no damage.
The acid dragon is severely wounded.
The acid dragon bites you! The acid dragon barely misses you.
Flames lash the acid dragon.
The acid dragon is burned terribly!
The acid dragon is almost dead.
The acid dragon spits acid at you. The splash of acid hits you! You resist.
The acid corrodes you!
You are too injured to fight recklessly!
You are too injured to fight recklessly!
Casting: Scorch (safe; 17% risk of failure)
Press: ? - help, Q - select action, (/) - cycle Dir - look around, f - activate You miscast Scorch.
You are very lightly contaminated with residual magic.
Nothing appears to happen.
The acid dragon bites you!
* * * LOW HITPOINT WARNING * * *
The acid dragon claws you.
* * * LOW HITPOINT WARNING * * *
Casting: Scorch (safe; 17% risk of failure)
Press: ? - help, Q - select action, (/) - cycle Dir - look around, f - activate You miscast Scorch.
Nothing appears to happen.
The acid dragon bites you but does no damage.
The acid dragon claws you but does no damage.
Unknown command.
You hit the acid dragon but do no damage.
The acid dragon is almost dead.
The acid dragon barely misses you.
The acid dragon claws you but does no damage.
You closely miss the acid dragon.
The acid dragon is almost dead.
The acid dragon is no longer more vulnerable to fire.
The acid dragon bites you.
* * * LOW HITPOINT WARNING * * *
The acid dragon barely misses you.
You hit the acid dragon but do no damage.
The acid dragon is almost dead.
The acid dragon spits acid at you. The splash of acid hits you! You resist.
You die...

##...# #.#.#
#.......# ###.#
#.#.# #.......#
#.# #.#.#
#........ #†#
#.#.#
..).......
#.#######.#.#
......((...
#......##.#.#
..[
######......#
.D..
###..###.....
######.@#......
........D..#
#######....#
.....# ...>.##
##.##.# #. .#
#. (# #. .#


You could see an acid dragon (catching breath).

Vanquished Creatures
  A phantom (D:5)
  A scorpion (D:5)
  A jelly (D:4)
  A hound (D:4)
  Ijyb (D:4)
  An orc wizard (D:3)
  An adder (D:2)
  A worm (D:2)
  4 dart slugs
  6 orcs
  4 ball pythons
  6 bats
  9 endoplasms
  3 giant cockroaches
  7 hobgoblins
  4 jackals (D:4)
  A quokka (D:3)
  3 frilled lizards
  4 goblins
  5 kobolds
  6 rats
70 creatures vanquished.

Vanquished Creatures (others)
  An orc (D:3)
1 creature vanquished.

Grand Total: 71 creatures vanquished

Notes
Turn   | Place    | Note
-------+----------+-------------------------------------------
     0 | D:1      | browni3141 the Mummy Cinder Acolyte began the quest for the
                  | Orb.
     0 | D:1      | Reached XP level 1. HP: 18/18 MP: 2/2
   136 | D:1      | Reached skill level 1 in Stealth
   234 | D:1      | Reached XP level 2. HP: 20/24 MP: 5/5
   240 | D:1      | Learned a level 2 spell: Scorch
  1056 | D:2      | Gained mutation: You are in touch with the powers of death.
                  | [Mummy growth]
  1056 | D:2      | Reached XP level 3. HP: 29/29 MP: 1/6
  1562 | D:2      | Reached skill level 3 in Polearms
  1924 | D:3      | Found a large runed translucent door.
  1924 | D:3      | Found a large runed translucent door.
  2060 | D:3      | Reached XP level 4. HP: 33/35 MP: 0/7
  2137 | D:3      | Identified the +5 hand axe of the Elven Halls {venom, rF+}
  2409 | D:3      | Found a stormy altar of Qazlal.
  2420 | D:3      | Found a snail-covered altar of Cheibriados.
  2423 | D:3      | Found a hide-covered altar of Uskayaw.
  2580 | D:3      | Found a faded altar of an unknown god.
  2775 | D:3      | Found an ornate altar of the Wu Jian Council.
  2778 | D:3      | Found a radiant altar of Vehumet.
  2909 | D:4      | Reached skill level 4 in Polearms
  2980 | D:4      | Reached XP level 5. HP: 40/41 MP: 5/8
  3113 | D:4      | Found a staircase to the Ecumenical Temple.
  3136 | D:4      | Found Weruofiof's Book Emporium.
  3459 | D:4      | Noticed Ijyb
  3476 | D:4      | Killed Ijyb
  3719 | D:5      | Entered Level 5 of the Dungeon
  3789 | D:5      | Noticed an ogre
  3990 | D:5      | an ogre changed into an acid dragon
  3990 | D:5      | Noticed an acid dragon
  4135 | D:5      | Reached skill level 5 in Polearms
  4208 | D:5      | Noticed a phantom
  4239 | D:5      | Killed a phantom
  4240 | D:5      | Reached XP level 6. HP: 37/47 MP: 4/9
  4316 | D:5      | Killed from afar by an acid dragon

Illustrated notes

Levels and vault maps discovered:
D:1:      ebering_hopf_link, layout_basic, kennysheep_decorative_pillar,
          minmay_hedge_maze
D:2:      layout_rooms, serial_rivers, chequers_serial_rivers_marsh,
          chequers_serial_rivers_room_a, chequers_serial_rivers_small_3,
          chequers_serial_rivers_small_b, chequers_serial_rivers_micro_a,
          chequers_serial_rivers_large_a
D:3:      layout_loops_cross, jmf_multi_god_temple2, minitemple,
          dilly_ecumenical_altar_fadedgnrine, serial_rivers,
          chequers_serial_rivers_micro_e, chequers_serial_rivers_micro_e,
          chequers_serial_rivers_small_b, chequers_serial_rivers_room_b,
          chequers_serial_rivers_large_b, chequers_serial_rivers_micro_b,
          kennysheep_donut, minmay_misc_feat_more_columns
D:4:      layout_basic, minmay_temple_entry_junction, serial_glass,
          glass_columns_a, glass_columns_b, serial_shops, nicolae_shop_crystal,
          serial_bayou_ford_a, hangedman_decor_push, uniq_ijyb
D:5:      layout_basic, uniq_menkaure

Skill      XL: |  1  2  3  4  5 |
---------------+----------------+-----
Stealth        | 1 |  1.0
Spellcasting   | 2 |  2.0
Fire Magic     | 3 |  3.0
Polearms       | 3 4 5 |  5.4
Fighting       | |  3.0

Action                     |  1- 3 |  4- 6 || total
---------------------------+-------+-------++-------
  Melee: Spear             |   143 |   161 ||   304
   Fire: Sling             |     9 |       ||     9
   Cast: Scorch            |    14 |    13 ||    27
  Evoke: Wand              |       |     5 ||     5
    Use: Scroll            |       |     2 ||     2
 Armour: Robe              |    26 |       ||    26
         Ring mail         |    25 |    53 ||    78
  Dodge: Dodged            |    64 |    67 ||   131

Table legend: (Time is in decaauts)
 A = Elapsed time spent in this place.
 B = Non-inter-level travel time spent in this place.
 C = Inter-level travel time spent in this place.
 D = Time resting spent in this place.
 E = Time spent auto-exploring this place.
 F = Levels seen in this place.
 G = Mean time per level.
                   A        B        C        D        E       F      G
               +--------+--------+--------+--------+--------+-----+--------+
         Total |   4352 |   4148 |    204 |    110 |   3322 |   5 |  870.4 |
       Dungeon |   4352 |   4148 |    204 |    110 |   3322 |   5 |  870.4 |
               +--------+--------+--------+--------+--------+-----+--------+

Top non-repeatable levels by time:
     D:3: 1050 daAuts
     D:1: 993 daAuts
     D:4: 882 daAuts
     D:2: 839 daAuts
     D:5: 585 daAuts
